[Event "45th FIDE Womens Olympiad 2024"]
[Site "Budapest"]
[Date "2024.09.14"]
[Round "4.24"]
[White "Mungunzul, Bat-Erdene"]
[Black "Matnadze Bujiashvili, Ann"]
[Result "1-0"]
[ECO "E90"]
[WhiteElo "2224"]
[BlackElo "2338"]
[Annotator "ChessBase"]
[PlyCount "79"]
[EventDate "2024.09.05"]
[EventType "team-tourn"]
[EventCountry "HUN"]
[SourceTitle "playchess.com"]
[Source "ChessBase"]
[SourceQuality "1"]
[WhiteTeam "Mongolia"]
[BlackTeam "Spain"]
[WhiteTeamCountry "MGL"]
[BlackTeamCountry "ESP"]
[TimeControl "40/5400+30:1800+30"]

1. d4 d6 2. Nf3 Nf6 3. c4 g6 4. Nc3 Bg7 5. e4 Bg4 6. Be2 Bxf3 7. Bxf3 e5 8. d5 h5 9. h3 Nbd7 10. Be3 Bh6 11. Bxh6 Rxh6 12. b4 Kf8 13. a3 Kg7 14. Qd2 Nh7 15. Qe3 f5 16. O-O-O h4 17. Kb2 a5 18. Be2 Ng5 19. f3 Nf7 20. Bd3 Rh5 21. Bc2 Rg5 22. Qf2 Qb8 23. exf5 gxf5 24. Qxh4 axb4 25. axb4 Qa7 26. Ra1 Qb6 27. c5 dxc5 28. Rxa8 cxb4 29. Na4 Qb5 30. Qf2 Nd6 31. Bb3 f4 32. Rc1 Nf5 33. Bc4 Qxa4 34. Rxa4 Ne3 35. Bf1 Nb6 36. Rxb4 Nbxd5 37. Rxb7 Rg6 38. Qh4 Kg8 39. Qd8+ Kg7 40. Rcxc7+ 1-0

[Event "45th FIDE Womens Olympiad 2024"]
[Site "Budapest"]
[Date "2024.09.14"]
[Round "4.24"]
[White "Yaqoob, Wafa"]
[Black "Tjong Tjin Joe, Maylee"]
[Result "0-1"]
[ECO "C54"]
[WhiteElo "1438"]
[BlackElo "1665"]
[PlyCount "76"]
[EventDate "2024.09.05"]
[EventType "team-tourn"]
[EventCountry "HUN"]
[WhiteTeam "Bahrain"]
[BlackTeam "Suriname"]
[WhiteTeamCountry "BRN"]
[TimeControl "40/5400+30:1800+30"]

1. e4 e5 2. Nf3 Nc6 3. Bc4 Bc5 4. c3 Nf6 5. d3 h6 6. Nbd2 O-O 7. O-O a6 8. Bb3 b5 9. h3 d5 10. Re1 Re8 11. Qc2 Ba7 12. Nf1 dxe4 13. dxe4 Na5 14. Ng3 Nxb3 15. Qxb3 c5 16. Nh4 c4 17. Qc2 Nh5 18. Nhf5 Nxg3 19. Nxg3 Qh4 20. Nf5 Bxf5 21. exf5 Rad8 22. Be3 Bxe3 23. Rxe3 e4 24. Rae1 Rd3 25. a4 Qf4 26. axb5 axb5 27. f6 gxf6 28. Qc1 Kh7 29. Qa1 Rd2 30. R3e2 Red8 31. Rxd2 Rxd2 32. Qa7 Kg7 33. Qe3 Qxe3 34. Rxe3 Rxb2 35. Rxe4 Rb1+ 36. Kh2 Rb3 37. Re3 b4 38. Re4 Rxc3 {0-} 0-1

[Event "45th FIDE Womens Olympiad 2024"]
[Site "Budapest"]
[Date "2024.09.14"]
[Round "4.25"]
[White "Injac, Teodora"]
[Black "Assaubayeva, Bibisara"]
[Result "1/2-1/2"]
[ECO "E91"]
[WhiteElo "2425"]
[BlackElo "2482"]
[Annotator "ChessBase"]
[PlyCount "98"]
[EventDate "2024.09.05"]
[EventType "team-tourn"]
[EventCountry "HUN"]
[SourceTitle "playchess.com"]
[Source "ChessBase"]
[SourceQuality "1"]
[WhiteTeam "Serbia"]
[BlackTeam "Kazakhstan"]
[WhiteTeamCountry "SRB"]
[BlackTeamCountry "KAZ"]
[TimeControl "40/5400+30:1800+30"]

1. d4 Nf6 2. c4 g6 3. Nc3 Bg7 4. e4 d6 5. Be2 O-O 6. Nf3 c6 7. O-O a6 8. h3 b5 9. a3 Bb7 10. e5 Ne8 11. Bf4 Nd7 12. b4 bxc4 13. Bxc4 d5 14. Bd3 Nc7 15. Qd2 a5 16. Rfc1 Ba6 17. Na4 Ne6 18. Be3 Bxd3 19. Qxd3 Nb6 20. Nxb6 Qxb6 21. Rab1 axb4 22. Rxb4 Qc7 23. Qb3 Rfb8 24. Ng5 Rxb4 25. axb4 Nxg5 26. Bxg5 f6 27. exf6 exf6 28. Be3 Qb6 29. Qc3 Rc8 30. Bf4 Qb7 31. Qc5 Bf8 32. Bd6 Bxd6 33. Qxd6 Kf7 34. b5 cxb5 35. Rxc8 Qxc8 36. Qxd5+ Kg7 37. Qxb5 Qc1+ 38. Qf1 Qd2 39. Qc4 Qe1+ 40. Qf1 Qd2 41. Qa1 g5 42. g3 h5 43. Qa7+ Kg6 44. Qc5 Qe1+ 45. Kg2 Qe4+ 46. Kh2 h4 47. g4 Qf4+ 48. Kg2 Qe4+ 49. Kh2 Qf4+ 1/2-1/2

[Event "45th FIDE Womens Olympiad 2024"]
[Site "Budapest"]
[Date "2024.09.14"]
[Round "4.25"]
[White "Ebrahim, Zahabiyah"]
[Black "Laamim, Roaa"]
[Result "0-1"]
[ECO "D02"]
[WhiteElo "1475"]
[BlackElo "1879"]
[PlyCount "40"]
[EventDate "2024.09.05"]
[EventType "team-tourn"]
[EventCountry "HUN"]
[WhiteTeam "Tanzania"]
[BlackTeam "Morocco"]
[WhiteTeamCountry "TAN"]
[BlackTeamCountry "MAR"]
[TimeControl "40/5400+30:1800+30"]

1. d4 d5 2. Nf3 e6 3. e3 Bd6 4. Bd3 Nd7 5. Nbd2 f5 6. c3 Ngf6 7. O-O O-O 8. c4 c6 9. a3 Ne4 10. b4 Qf6 11. Nb3 g5 12. cxd5 exd5 13. Nc5 g4 14. Nd2 Bxh2+ 15. Kxh2 Qh4+ 16. Kg1 Rf6 17. Nf3 Qh5 18. Re1 Rh6 19. Kf1 Nc3 20. Qc2 gxf3 {0-} 0-1

[Event "45th FIDE Womens Olympiad 2024"]
[Site "Budapest"]
[Date "2024.09.14"]
[Round "4.26"]
[White "Kamalidenova, Meruert"]
[Black "Gajcin, Marina"]
[Result "1/2-1/2"]
[ECO "B33"]
[WhiteElo "2352"]
[BlackElo "2253"]
[Annotator "ChessBase"]
[PlyCount "192"]
[EventDate "2024.09.05"]
[EventType "team-tourn"]
[EventCountry "HUN"]
[SourceTitle "playchess.com"]
[Source "ChessBase"]
[SourceQuality "1"]
[WhiteTeam "Kazakhstan"]
[BlackTeam "Serbia"]
[WhiteTeamCountry "KAZ"]
[BlackTeamCountry "SRB"]
[TimeControl "40/5400+30:1800+30"]

1. e4 c5 2. Nf3 Nc6 3. d4 cxd4 4. Nxd4 Nf6 5. Nc3 e5 6. Ndb5 d6 7. Bg5 a6 8. Na3 b5 9. Nd5 Be7 10. Bxf6 Bxf6 11. c3 Rb8 12. Nc2 Bg5 13. h4 Bxh4 14. g3 Be7 15. Nce3 g6 16. Bd3 b4 17. Kf1 bxc3 18. bxc3 Kf8 19. Qa4 Bd7 20. Qa3 Kg7 21. Rd1 h5 22. Be2 Bf8 23. Qxa6 Ra8 24. Qc4 Na5 25. Qc7 Qxc7 26. Nxc7 Rb8 27. Na6 Rc8 28. Nd5 Bc6 29. Nab4 Bxd5 30. Rxd5 Nc4 31. Kg2 Be7 32. Rb5 Bg5 33. Nd5 h4 34. gxh4 Rxh4 35. Rxh4 Bxh4 36. Rb7 Bg5 37. a4 Bd8 38. Rd7 Nd2 39. Ba6 Ra8 40. Bb7 Ra7 41. f3 Ba5 42. Bc6 Rxd7 43. Bxd7 Nb3 44. Kf1 Bd8 45. Ke2 Nc5 46. Bb5 f5 47. exf5 gxf5 48. Nb4 Bb6 49. Nc6 Nb7 50. Ne7 f4 51. Bc6 Na5 52. Bd5 Kf8 53. Ng6+ Ke8 54. Kd3 Bf2 55. Nh8 Kd7 56. Nf7 Nc6 57. Kc4 Ne7 58. Ng5 Bb6 59. Ne4 Kc7 60. Ba8 Kb8 61. Bd5 Kc7 62. Nd2 Ba5 63. Be4 Kb6 64. Nb1 Ka6 65. Na3 Nc8 66. Nb5 Bd8 67. Kd5 Nb6+ 68. Kxd6 Nxa4 69. c4 Nb2 70. Na3 Ba5 71. Kxe5 Kb6 72. Kd5 Bb4 73. Nc2 Bc5 74. Ne1 Nd1 75. Ke5 Nb2 76. Bd5 Be3 77. Kd6 Bc5+ 78. Ke5 Be3 79. Ng2 Kc5 80. Ke4 Bd2 81. Nxf4 Nxc4 82. Ne6+ Kb4 83. Kd3 Nb6 84. Ba2 Bc3 85. f4 Nd7 86. Bd5 Bf6 87. Ke3 Ne5 88. Be4 Nc4+ 89. Kf2 Nd6 90. Kf3 Kc4 91. Bc6 Nf5 92. Ke4 Nd6+ 93. Kf3 Nf5 94. Kg4 Nd4 95. Bd5+ Kxd5 96. Nxd4 Bxd4 1/2-1/2

[Event "45th FIDE Womens Olympiad 2024"]
[Site "Budapest"]
[Date "2024.09.14"]
[Round "4.26"]
[White "Chemaou lilya"]
[Black "Anahi Rishit Shah"]
[Result "1/2-1/2"]
[ECO "C55"]
[WhiteElo "1565"]
[BlackElo "1513"]
[PlyCount "74"]
[EventDate "2024.09.05"]
[EventType "team-tourn"]
[EventCountry "HUN"]
[WhiteTeam "Morocco"]
[BlackTeam "Tanzania"]
[WhiteTeamCountry "MAR"]
[BlackTeamCountry "TAN"]
[TimeControl "40/5400+30:1800+30"]

1. e4 e5 2. Nc3 Nc6 3. Bc4 Nf6 4. d3 h6 5. Nf3 Bb4 6. Bd2 Bxc3 7. Bxc3 d6 8. h3 O-O 9. O-O Be6 10. Bb3 a6 11. Qe2 Re8 12. d4 Nxd4 13. Nxd4 exd4 14. Bxd4 Bxb3 15. Bxf6 Qxf6 16. cxb3 c6 17. Qc2 Qg6 18. f3 d5 19. Rfe1 Re7 20. Rad1 Rae8 21. Kf2 dxe4 22. fxe4 Rxe4 23. Rxe4 Rxe4 24. Rd2 Qf5+ 25. Kg1 Re1+ 26. Kh2 Qxc2 27. Rxc2 Ra1 28. a4 f6 29. Rc5 Ra2 30. Rc2 Kf7 31. Kg3 Ke6 32. Kf4 h5 33. Re2+ Kf7 34. Rd2 Ke6 35. Re2+ Kf7 36. Rd2 Ke6 37. Re2+ Kf7 1/2-1/2

[Event "45th FIDE Womens Olympiad 2024"]
[Site "Budapest"]
[Date "2024.09.14"]
[Round "4.27"]
[White "Velikic, Adela"]
[Black "Nurman, Alua"]
[Result "0-1"]
[ECO "D36"]
[WhiteElo "2260"]
[BlackElo "2324"]
[Annotator "ChessBase"]
[PlyCount "156"]
[EventDate "2024.09.05"]
[EventType "team-tourn"]
[EventCountry "HUN"]
[SourceTitle "playchess.com"]
[Source "ChessBase"]
[SourceQuality "1"]
[WhiteTeam "Serbia"]
[BlackTeam "Kazakhstan"]
[WhiteTeamCountry "SRB"]
[BlackTeamCountry "KAZ"]
[TimeControl "40/5400+30:1800+30"]

1. d4 d5 2. c4 e6 3. Nc3 Nf6 4. cxd5 exd5 5. Bg5 c6 6. e3 h6 7. Bh4 Be7 8. Bd3 O-O 9. Qc2 Re8 10. Nge2 a5 11. O-O Na6 12. a3 Nc7 13. Rac1 Ne6 14. f3 b5 15. Bf2 Bd7 16. Rfd1 Rc8 17. Bf5 g6 18. Bd3 Kg7 19. Qd2 Qb6 20. e4 dxe4 21. Bxe4 b4 22. Na4 Qa6 23. Bd3 Qb7 24. Nc5 Nxc5 25. dxc5 Nd5 26. Bc4 Be6 27. Nf4 Nxf4 28. Qxf4 Bg5 29. Qd4+ Bf6 30. Qf4 Bg5 31. Qd4+ Kh7 32. Bxe6 Rxe6 33. Rb1 Rd8 34. Qc4 Rde8 35. axb4 axb4 36. Rd6 Be3 37. Bxe3 Rxe3 38. h3 Re2 39. Rbd1 R8e7 40. Qd4 Qb8 41. Rd2 Re1+ 42. Kf2 Qb5 43. Rf6 Rc1 44. Rf4 Rb7 45. Kg3 Qxc5 46. Qxc5 Rxc5 47. Rdd4 Rg5+ 48. Kf2 c5 49. Rd2 Re5 50. Rc4 Ra7 51. f4 Rf5 52. g4 Rf6 53. Kf3 Ra1 54. Rf2 Rc6 55. Rfc2 Rf1+ 56. Kg3 Rb1 57. Rxc5 Rxc5 58. Rxc5 Rxb2 59. g5 h5 60. Rb5 b3 61. Rb8 Kg7 62. Kh4 Rb1 63. Rb7 Kf8 64. Rb8+ Ke7 65. Rb6 Kd7 66. f5 gxf5 67. Rb7+ Kc6 68. Rxf7 b2 69. Rf6+ Kd7 70. Rb6 f4 71. Rb3 f3 72. Rd3+ Ke6 73. Re3+ Kd5 74. Rxf3 Rd1 75. Rb3 b1=Q 76. Rxb1 Rxb1 77. Kxh5 Ke6 78. h4 Rb4 0-1

[Event "45th FIDE Womens Olympiad 2024"]
[Site "Budapest"]
[Date "2024.09.14"]
[Round "4.27"]
[White "Bertha Samson Mkude"]
[Black "El Harrak, Maryam"]
[Result "0-1"]
[ECO "B08"]
[WhiteElo "1459"]
[BlackElo "1639"]
[PlyCount "106"]
[EventDate "2024.09.05"]
[EventType "team-tourn"]
[EventCountry "HUN"]
[WhiteTeam "Tanzania"]
[BlackTeam "Morocco"]
[WhiteTeamCountry "TAN"]
[BlackTeamCountry "MAR"]
[TimeControl "40/5400+30:1800+30"]

1. e4 c6 2. Nc3 d5 3. exd5 cxd5 4. d4 Nf6 5. h3 g6 6. Bd3 Bg7 7. Nf3 O-O 8. O-O Nc6 9. a3 a5 10. Re1 Re8 11. Be3 b6 12. Bb5 Bd7 13. Bxc6 Bxc6 14. Ne5 Bb7 15. Qf3 Rc8 16. Bg5 h6 17. Bxf6 exf6 18. Ng4 Rxe1+ 19. Rxe1 Qd6 20. Ne3 Re8 21. Re2 Qd7 22. Ng4 Rxe2 23. Nxe2 f5 24. Ne3 Kf8 25. c3 h5 26. Nf4 Bh6 27. Kh2 Qd6 28. g3 Bxf4 29. Qxf4 Qxf4 30. gxf4 Ke7 31. Kg3 f6 32. c4 Kd6 33. cxd5 Bxd5 34. Nxd5 Kxd5 35. Kf3 Kxd4 36. Ke2 Ke4 37. f3+ Kxf4 38. Kf2 Ke5 39. Kg3 g5 40. b3 b5 41. a4 b4 42. Kg2 Kf4 43. Kf2 h4 44. Kg2 Ke3 45. f4 gxf4 46. Kf1 Kf3 47. Kg1 Ke2 48. Kg2 f3+ 49. Kg1 f2+ 50. Kg2 f1=Q+ 51. Kh2 Qxh3+ 52. Kxh3 f4 53. Kxh4 f3 {0-} 0-1

[Event "45th FIDE Womens Olympiad 2024"]
[Site "Budapest"]
[Date "2024.09.14"]
[Round "4.28"]
[White "Kairbekova, Amina"]
[Black "Mandura, Tijana"]
[Result "1/2-1/2"]
[ECO "C65"]
[WhiteElo "2243"]
[BlackElo "2207"]
[Annotator "ChessBase"]
[PlyCount "95"]
[EventDate "2024.09.05"]
[EventType "team-tourn"]
[EventCountry "HUN"]
[SourceTitle "playchess.com"]
[Source "ChessBase"]
[SourceQuality "1"]
[WhiteTeam "Kazakhstan"]
[BlackTeam "Serbia"]
[WhiteTeamCountry "KAZ"]
[BlackTeamCountry "SRB"]
[TimeControl "40/5400+30:1800+30"]

1. e4 e5 2. Nf3 Nc6 3. Bb5 Nf6 4. d3 Bc5 5. O-O Nd4 6. Nxd4 Bxd4 7. c3 Bb6 8. Na3 c6 9. Ba4 h6 10. Bc2 O-O 11. Nc4 Bc7 12. f4 exf4 13. e5 Nd5 14. Bxf4 Nxf4 15. Rxf4 d5 16. exd6 Bxd6 17. Nxd6 Qxd6 18. Qd2 Be6 19. d4 Rae8 20. b3 Re7 21. Raf1 Qd5 22. Qd3 f5 23. h4 g5 24. R4f2 Bd7 25. Qd1 Rf6 26. b4 Qf7 27. Bb3 Be6 28. c4 Bxc4 29. Bxc4 Qxc4 30. hxg5 hxg5 31. Rxf5 Rxf5 32. Rxf5 Qxa2 33. Rxg5+ Rg7 34. Rxg7+ Kxg7 35. Qg4+ Kf6 36. Qf4+ Kg6 37. Qd6+ Kg5 38. Qe7+ Kg4 39. Qg7+ Kf5 40. Kh2 Qd2 41. Qe5+ Kg4 42. Qe6+ Kg5 43. Qg8+ Kf5 44. Qh7+ Kg5 45. Qe7+ Kf5 46. Qe5+ Kg4 47. Qe6+ Kg5 48. Qe5+ 1/2-1/2

[Event "45th FIDE Womens Olympiad 2024"]
[Site "Budapest"]
[Date "2024.09.14"]
[Round "4.29"]
[White "Mkrtchian, Lilit"]
[Black "Pham, Le Thao Nguyen"]
[Result "1/2-1/2"]
[ECO "D94"]
[WhiteElo "2366"]
[BlackElo "2380"]
[Annotator "ChessBase"]
[PlyCount "58"]
[EventDate "2024.09.05"]
[EventType "team-tourn"]
[EventCountry "HUN"]
[SourceTitle "playchess.com"]
[Source "ChessBase"]
[SourceQuality "1"]
[WhiteTeam "Armenia"]
[BlackTeam "Vietnam"]
[WhiteTeamCountry "ARM"]
[BlackTeamCountry "VIE"]
[TimeControl "40/5400+30:1800+30"]

1. c4 c6 2. Nf3 d5 3. e3 Nf6 4. Nc3 a6 5. d4 g6 6. Bd3 Bg7 7. h3 O-O 8. O-O b5 9. b3 Be6 10. cxd5 cxd5 11. a4 b4 12. Ne2 Ne4 13. Bb2 Nc6 14. Rc1 Qd7 15. Nf4 Na5 16. Ne5 Qd6 17. Bxe4 dxe4 18. Nxe6 Qxe6 19. Nc4 Nxc4 20. Rxc4 Qd6 21. Qc2 f5 22. Rc1 a5 23. Rc5 Bf6 24. Qc4+ Kg7 25. Rc6 Qd7 26. Rc7 Qd6 27. Rc6 Qd7 28. Rc7 Qd6 29. Rc6 Qd7 1/2-1/2

[Event "45th FIDE Womens Olympiad 2024"]
[Site "Budapest"]
[Date "2024.09.14"]
[Round "4.29"]
[White "Chen, Chi"]
[Black "Swaminathan, Laia"]
[Result "1-0"]
[ECO "C52"]
[WhiteElo "1746"]
[BlackElo "1620"]
[PlyCount "131"]
[EventDate "2024.09.05"]
[EventType "team-tourn"]
[EventCountry "HUN"]
[WhiteTeam "Chinese Taipei"]
[BlackTeam "Cayman Islands"]
[WhiteTeamCountry "TPE"]
[BlackTeamCountry "CAY"]
[TimeControl "40/5400+30:1800+30"]

1. e4 e5 2. Nf3 Nc6 3. Bc4 Bc5 4. b4 Bxb4 5. c3 Ba5 6. d4 Qe7 7. O-O Bb6 8. Ng5 Nh6 9. Qh5 d6 10. h3 Bd7 11. Nf3 O-O-O 12. d5 Na5 13. Bd3 Ng8 14. Na3 Nf6 15. Qg5 c6 16. c4 Bc5 17. Qd2 b6 18. Bb2 Nb7 19. Nc2 Nh5 20. Nb4 Bxb4 21. Qxb4 Nf4 22. Rfd1 c5 23. Qd2 Qf6 24. Bf1 Qg6 25. Kh2 Qxe4 26. Re1 Qg6 27. Ng1 Na5 28. f3 Nh5 29. Qf2 f5 30. Bd3 Qg5 31. Bc1 f4 32. Ne2 Ng3 33. Nxg3 Qxg3+ 34. Qxg3 fxg3+ 35. Kxg3 Rdf8 36. Bd2 Nb7 37. a4 a5 38. Reb1 Kc7 39. Rb2 Rb8 40. Bc2 Nd8 41. Rab1 Nf7 42. h4 g6 43. Kf2 Bf5 44. g4 Bxc2 45. Rxc2 Rhe8 46. Re1 h5 47. g5 Kd7 48. Rb2 Kc7 49. Ke3 Re7 50. Reb1 Ree8 51. Bc3 Nxg5 52. hxg5 Rf8 53. Kf2 e4 54. Bf6 Rfe8 55. f4 e3+ 56. Kf3 e2 57. Rxe2 Rxe2 58. Kxe2 Re8+ 59. Kf3 Rb8 60. Re1 b5 61. axb5 a4 62. Re7+ Kb6 63. Rd7 Ka5 64. Bc3+ Kb6 65. Rxd6+ Kc7 66. Rxg6 1-0

[Event "45th FIDE Womens Olympiad 2024"]
[Site "Budapest"]
[Date "2024.09.14"]
[Round "4.30"]
[White "Vo, Thi Kim Phung"]
[Black "Mkrtchyan, Mariam"]
[Result "1/2-1/2"]
[ECO "D38"]
[WhiteElo "2320"]
[BlackElo "2328"]
[Annotator "ChessBase"]
[PlyCount "200"]
[EventDate "2024.09.05"]
[EventType "team-tourn"]
[EventCountry "HUN"]
[SourceTitle "playchess.com"]
[Source "ChessBase"]
[SourceQuality "1"]
[WhiteTeam "Vietnam"]
[BlackTeam "Armenia"]
[WhiteTeamCountry "VIE"]
[BlackTeamCountry "ARM"]
[TimeControl "40/5400+30:1800+30"]

1. d4 d5 2. Nf3 e6 3. c4 Nf6 4. Nc3 Bb4 5. Bg5 O-O 6. e3 c5 7. cxd5 exd5 8. dxc5 Nbd7 9. Be2 Bxc3+ 10. bxc3 Nxc5 11. Bxf6 Qxf6 12. Qd4 Ne4 13. c4 Be6 14. Qxf6 Nxf6 15. Nd4 Rac8 16. cxd5 Nxd5 17. Bf3 Rc7 18. O-O Nc3 19. a4 a5 20. Ra3 Rfc8 21. h3 Bd7 22. Rfa1 b6 23. Kh2 g6 24. Bg4 h5 25. Bxd7 Rxd7 26. Rb3 Nd5 27. Rb5 Rd6 28. Rb2 Nb4 29. g4 Rd5 30. Kg2 Rc4 31. Kg3 hxg4 32. hxg4 Rdc5 33. Rd2 Rd5 34. Rb2 Rdc5 35. Rd1 Rc1 36. Rdd2 Rg1+ 37. Kf3 Rg5 38. Ne2 R1xg4 39. Rd6 Rc4 40. Nd4 Rgc5 41. Rxb6 Nd5 42. Rb8+ Kg7 43. R2b7 Rc7 44. Rxc7 Rxc7 45. Ra8 Rc4 46. Rxa5 Nc3 47. Ra7 Rxa4 48. Rd7 Ra6 49. Rc7 Rf6+ 50. Kg2 Ne4 51. f3 Ng5 52. Rc2 Rb6 53. f4 Ne6 54. Nf3 Kf6 55. Rc4 Rb2+ 56. Kg3 Ke7 57. Ne5 Rb7 58. Kf3 Rc7 59. Ra4 Nc5 60. Ra1 Nd7 61. Nd3 Rb7 62. Ra4 Kf6 63. Nf2 Ke7 64. Ra6 Nc5 65. Rc6 Ne6 66. Ng4 Rc7 67. Rb6 Ra7 68. Ne5 Rc7 69. Nc6+ Kf8 70. Ke4 Kg7 71. Ke5 Rd7 72. Nb4 Nc5 73. Nd5 Rb7 74. Rc6 Nd3+ 75. Kd4 Nb4 76. Rc4 Nxd5 77. Kxd5 Rd7+ 78. Ke4 Ra7 79. Kf3 Ra3 80. Rc6 Rb3 81. Rc5 Kf6 82. Re5 Ra3 83. Kg4 Kg7 84. Re8 Ra5 85. Rb8 Ra4 86. Rb3 Re4 87. Kf3 f5 88. Rb6 Kf7 89. Ke2 Re7 90. Rd6 Re6 91. Rd8 Re7 92. Kf3 Kg7 93. Rd3 Kf6 94. Kg3 Re4 95. Ra3 Re7 96. Kh4 Rh7+ 97. Kg3 Re7 98. Rb3 Re4 99. Rb6+ Re6 100. Rb3 Re4 1/2-1/2

[Event "45th FIDE Womens Olympiad 2024"]
[Site "Budapest"]
[Date "2024.09.14"]
[Round "4.30"]
[White "Majid, Zara"]
[Black "Shih, Ching-An"]
[Result "1/2-1/2"]
[ECO "D02"]
[WhiteElo "1411"]
[BlackElo "1734"]
[PlyCount "114"]
[EventDate "2024.09.05"]
[EventType "team-tourn"]
[EventCountry "HUN"]
[WhiteTeam "Cayman Islands"]
[BlackTeam "Chinese Taipei"]
[WhiteTeamCountry "CAY"]
[BlackTeamCountry "TPE"]
[TimeControl "40/5400+30:1800+30"]

1. d4 d5 2. Bf4 Nf6 3. e3 Bf5 4. c4 c6 5. Nc3 e6 6. Nf3 Nbd7 7. Qb3 Qb6 8. c5 Qxb3 9. axb3 Nh5 10. Bg3 Nxg3 11. hxg3 Be7 12. b4 O-O 13. Kd2 Rfb8 14. Bd3 Bxd3 15. Kxd3 b6 16. Rhb1 f6 17. Nd2 a5 18. bxa5 bxc5 19. Ne2 c4+ 20. Kc2 Bb4 21. a6 Ra7 22. b3 Bxd2 23. Kxd2 cxb3 24. Kc3 Rb6 25. Rxb3 Raxa6 26. Rxb6 Rxb6 27. Ra8+ Kf7 28. Rc8 g5 29. g4 Ra6 30. Kb2 Nb6 31. Rc7+ Kg6 32. Re7 Nc4+ 33. Kb1 Rb6+ 34. Kc1 h6 35. Nc3 e5 36. dxe5 fxe5 37. Re6+ Kg7 38. Na4 Ra6 39. Nc3 d4 40. exd4 exd4 41. Ne4 d3 42. Re7+ Kf8 43. Rb7 Ra1+ 44. Rb1 Rxb1+ 45. Kxb1 Ke7 46. Kc1 Ne5 47. f3 Ke6 48. Kd2 Kd5 49. Kc3 c5 50. Nd2 c4 51. g3 Kc5 52. f4 gxf4 53. gxf4 Nxg4 54. Nxc4 Nf2 55. Ne5 h5 56. Nxd3+ Nxd3 57. Kxd3 Kd5 1/2-1/2

[Event "45th FIDE Womens Olympiad 2024"]
[Site "Budapest"]
[Date "2024.09.14"]
[Round "4.31"]
[White "Danielian, Elina"]
[Black "Luong Phuong Hanh"]
[Result "1-0"]
[ECO "A10"]
[WhiteElo "2393"]
[BlackElo "2225"]
[Annotator "ChessBase"]
[PlyCount "71"]
[EventDate "2024.09.05"]
[EventType "team-tourn"]
[EventCountry "HUN"]
[SourceTitle "playchess.com"]
[Source "ChessBase"]
[SourceQuality "1"]
[WhiteTeam "Armenia"]
[BlackTeam "Vietnam"]
[WhiteTeamCountry "ARM"]
[BlackTeamCountry "VIE"]
[TimeControl "40/5400+30:1800+30"]

1. Nf3 f5 2. g3 Nf6 3. Bg2 g6 4. d3 Bg7 5. O-O d6 6. c4 c6 7. Nc3 O-O 8. e4 Na6 9. exf5 Bxf5 10. Nh4 Bg4 11. f3 Bd7 12. d4 Qb6 13. Kh1 Nh5 14. Ne2 c5 15. Be3 cxd4 16. Nxd4 Qxb2 17. f4 Nc5 18. f5 Ba4 19. Qg4 Nf6 20. Qh3 g5 21. Ng6 hxg6 22. fxg6 g4 23. Qh4 e6 24. Rae1 Qc3 25. Nf5 exf5 26. Bd5+ Rf7 27. gxf7+ Kf8 28. Qg5 Bc2 29. Qf4 Nce4 30. Rc1 Nh5 31. Rxc2 Nxf4 32. Rxc3 Nxd5 33. Rb3 Nxe3 34. Rxe3 Rc8 35. Rxf5 Rxc4 36. Rf1 1-0

[Event "45th FIDE Womens Olympiad 2024"]
[Site "Budapest"]
[Date "2024.09.14"]
[Round "4.31"]
[White "Chen, I-Chen"]
[Black "Patil, Anvita Niranjan"]
[Result "0-1"]
[ECO "C45"]
[WhiteElo "1771"]
[BlackElo "1589"]
[PlyCount "94"]
[EventDate "2024.09.05"]
[EventType "team-tourn"]
[EventCountry "HUN"]
[WhiteTeam "Chinese Taipei"]
[BlackTeam "Cayman Islands"]
[WhiteTeamCountry "TPE"]
[BlackTeamCountry "CAY"]
[TimeControl "40/5400+30:1800+30"]

1. e4 e5 2. Nf3 Nc6 3. d4 exd4 4. Nxd4 Bc5 5. Be3 Bb6 6. Qd2 d6 7. Nc3 Nf6 8. O-O-O Bd7 9. f3 Qe7 10. Nd5 Nxd5 11. exd5 Ne5 12. Re1 O-O 13. h3 h6 14. f4 Ng6 15. Nf5 Qf6 16. g4 Bxe3 17. Nxe3 Qxf4 18. Bg2 Nh4 19. Rhf1 Qg5 20. Be4 Rae8 21. Qd3 f5 22. gxf5 Bxf5 23. Bxf5 Nxf5 24. Kd2 Rxe3 25. Rxe3 Nxe3 26. Rxf8+ Kxf8 27. Qxe3 Qxe3+ 28. Kxe3 Kf7 29. Kf4 Kf6 30. h4 g5+ 31. hxg5+ hxg5+ 32. Kg4 Ke5 33. Kxg5 Kxd5 34. Kf4 c5 35. Ke3 b5 36. Kd3 c4+ 37. Kc3 a5 38. a3 Kc5 39. b4+ axb4+ 40. axb4+ Kd5 41. Kd2 Kd4 42. c3+ Ke4 43. Ke2 d5 44. Kd2 d4 45. cxd4 Kxd4 46. Kc2 c3 47. Kc1 Kc4 {0-} 0-1

[Event "45th FIDE Womens Olympiad 2024"]
[Site "Budapest"]
[Date "2024.09.14"]
[Round "4.32"]
[White "Le Thanh Tu"]
[Black "Sargsyan, Anna M."]
[Result "0-1"]
[ECO "E11"]
[WhiteElo "2092"]
[BlackElo "2364"]
[Annotator "ChessBase"]
[PlyCount "110"]
[EventDate "2024.09.05"]
[EventType "team-tourn"]
[EventCountry "HUN"]
[SourceTitle "playchess.com"]
[Source "ChessBase"]
[SourceQuality "1"]
[WhiteTeam "Vietnam"]
[BlackTeam "Armenia"]
[WhiteTeamCountry "VIE"]
[BlackTeamCountry "ARM"]
[TimeControl "40/5400+30:1800+30"]

1. d4 Nf6 2. c4 e6 3. g3 d5 4. Nf3 Bb4+ 5. Bd2 a5 6. Bg2 O-O 7. O-O dxc4 8. Qc2 Bxd2 9. Nbxd2 b5 10. a4 c6 11. e4 Na6 12. e5 Nb4 13. Qd1 Nfd5 14. Ne4 h6 15. Qe2 bxa4 16. Rfb1 Ba6 17. Qd1 Bb5 18. Bf1 Rb8 19. Ra3 Nd3 20. Nd6 Qb6 21. Nxc4 Bxc4 22. Bxd3 Bb3 23. Qe2 Nb4 24. Raa1 Rfd8 25. Be4 Qb5 26. Re1 Bc4 27. Qe3 Bd5 28. Bb1 Bxf3 29. Qxf3 Rxd4 30. Qc3 c5 31. Bc2 Nxc2 32. Qxc2 Rc4 33. Qd2 Qb4 34. Qd7 Rd4 35. Qc6 Qb5 36. Qxb5 Rxb5 37. Re2 Rdb4 38. Ra2 g5 39. h3 h5 40. f3 Kg7 41. Kf2 Rd4 42. Kg2 Rb3 43. Ra1 Rdd3 44. Rf2 g4 45. hxg4 hxg4 46. Rxa4 gxf3+ 47. Kh3 Re3 48. Rxa5 Rxe5 49. g4 f5 50. gxf5 Rxf5 51. Kg3 Kf6 52. Kh2 Rb8 53. Kg1 Rh8 54. Rf1 Rg8+ 55. Kf2 Rg2+ 0-1

[Event "45th FIDE Womens Olympiad 2024"]
[Site "Budapest"]
[Date "2024.09.14"]
[Round "4.33"]
[White "Khamdamova, Afruza"]
[Black "Stefanova, Antoaneta"]
[Result "1-0"]
[ECO "C70"]
[WhiteElo "2313"]
[BlackElo "2416"]
[Annotator "ChessBase"]
[PlyCount "125"]
[EventDate "2024.09.05"]
[EventType "team-tourn"]
[EventCountry "HUN"]
[SourceTitle "playchess.com"]
[Source "ChessBase"]
[SourceQuality "1"]
[WhiteTeam "Uzbekistan"]
[BlackTeam "Bulgaria"]
[WhiteTeamCountry "UZB"]
[BlackTeamCountry "BUL"]
[TimeControl "40/5400+30:1800+30"]

1. e4 e5 2. Nf3 Nc6 3. Bb5 a6 4. Ba4 Nge7 5. c3 Ng6 6. d4 exd4 7. cxd4 Bb4+ 8. Nc3 d5 9. exd5 Bxc3+ 10. bxc3 Qxd5 11. Qe2+ Qe6 12. Be3 O-O 13. O-O Nf4 14. Qd1 Qg4 15. Bxf4 Qxf4 16. Bxc6 bxc6 17. Ne5 Qf6 18. Re1 Rb8 19. Qd2 Bf5 20. Qf4 Rb2 21. Nc4 Rb7 22. Na5 Rb2 23. Nc4 Rb7 24. h3 Be6 25. Qxf6 gxf6 26. Na5 Rb6 27. Re3 Rd8 28. Nb3 Bxb3 29. axb3 Rxb3 30. Rxa6 Rb6 31. Ra7 Rc8 32. Kh2 Kf8 33. Rf3 Kg7 34. Rf4 Rbb8 35. Kg3 Ra8 36. Rxa8 Rxa8 37. Rf5 Re8 38. Rc5 Re6 39. f4 f5 40. Kf3 Rf6 41. c4 Kf8 42. Re5 Rd6 43. Rxf5 Rxd4 44. Rc5 Rd6 45. Ke3 Ke7 46. Rh5 h6 47. g4 Kf8 48. c5 Re6+ 49. Re5 Rg6 50. f5 Rg8 51. Kf4 h5 52. f6 hxg4 53. hxg4 Rh8 54. Re7 Rh1 55. Rxc7 Kg8 56. Rxc6 Kh7 57. Kg5 Rd1 58. Rd6 Rc1 59. Rd5 Rc2 60. Kf5 Rc4 61. g5 Rc1 62. Ke5 Kg6 63. Kd6 1-0